 Dungeon Crawl Stone Soup version 0.31-a0-983-g7b6862f502 (webtiles) character file.

Game seed: 6182216637866578971

13 lunkers the Ruffian (level 2, -1/33 HPs)
             Began as a Demigod Shapeshifter on Nov 2, 2023.
             Succumbed to an adder's poison
             ... on level 2 of the Dungeon.
             The game lasted 00:00:53 (474 turns).

lunkers the Ruffian (Demigod Shapeshifter)           Turns: 474, Time: 00:00:54

Health: -1/33      AC: 21    Str: 15    XL:     2   Next: 12%
Magic:  4/4        EV:  2    Int: 12    God:
Gold:   23         SH:  0    Dex: 13    Spells: 1/1 levels left

rFire   . .          .
                       - Unarmed
rCold   . . .        (no shield)
rNeg    . . .        a - melded +0 animal skin
rPois   +            (helmet currently unavailable)
rElec   .            (cloak currently unavailable)
rCorr   .            (gloves currently unavailable)
SInv    .            (boots currently unavailable)
Will    .....        (no amulet)
Stlth   +            (no ring)
HPRegen 0.25/turn    (no ring)
MPRegen 0.09/turn

%: no passive effects
@: lethally poisoned (-1 -> -7), tree-form
A: stationary, stasis, torment immunity, boosted hp, high MP 1, forlorn, divine
attributes
a: no special abilities


You were on level 2 of the Dungeon.
You were a tree.
You visited 1 branch of the dungeon, and saw 2 of its levels.

You collected 23 gold pieces.

Inventory:

Armour
 a - a +0 animal skin (melded)
Jewellery
 i - a ring of poison resistance
Talismans
 c - a beast talisman
 d - a flux talisman
Scrolls
 g - a scroll of poison {unknown}
Potions
 e - a potion of heal wounds {unknown}
 f - a potion of berserk rage {unknown}
 h - a potion of curing {unknown}


   Skills:
 - Level 0.8 Fighting
 - Level 1.7 Dodging
 * Level 3.1 Unarmed Combat
 + Level 2.9 Shapeshifting


You had one spell level left.
You didn't know any spells.
Your spell library contained the following spells:

 Spells                   Type           Power      Damage    Failure   Level
 Blink                    Tloc           0%         N/A       45%         2
 Lesser Beckoning         Tloc           0%         N/A       45%         2
 Momentum Strike          Conj/Tloc      0%         3d8       45%         2


Dungeon Overview and Level Annotations

Branches:
Dungeon (2/15)

Shops:
D:2 :


Innate Abilities, Weirdness & Mutations

You are a tree.
Your roots penetrate the ground, keeping you stationary.
You cannot be teleported.
You are immune to unholy pain and torment.
Your maximum health is greatly increased.
Your equipment is partially melded.
You have an increased reservoir of magic. (+10% MP)
You shall have no god before yourself.
Your divine heritage dramatically boosts your attributes as you level up.


Message History

There is an open door here.
The adder bites you. The adder barely misses you.
You barely miss the adder. The adder misses you. The adder bites you.
You are poisoned.
The adder poisons you!
You completely miss the adder.
You feel sick. The adder completely misses you.
You miss the adder.
You feel sick. The adder bites you.
* * * LOW HITPOINT WARNING * * *
Unknown command.
You closely miss the adder.
You feel sick. The adder misses you.
Okay, then.
You miss the adder.
You feel sick. The adder bites you.
* * * LOW HITPOINT WARNING * * *
You are more poisoned.
The adder poisons you!
You hit the adder. Your punch misses the adder.
The adder is severely wounded.
You feel sick. The adder bites you but does no damage. The adder bites you.
* * * LOW HITPOINT WARNING * * *
You are lethally poisoned!
The adder poisons you!
You hit the adder but do no damage.
The adder is heavily wounded.
* * * LOW HITPOINT WARNING * * *
You feel very sick. The adder closely misses you.
You hit the adder.
The adder is almost dead.
* * * LOW HITPOINT WARNING * * *
You feel very sick. The adder closely misses you.
Your transformation has ended.
You turn into a tree.
Your +0 animal skin melds into your body.
Your roots penetrate the ground.
* * * LOW HITPOINT WARNING * * *
You feel sick.
The adder bites you but does no damage. x2
You hit the adder.
You kill the adder!
You die...

##.......##
#.........#
+.........+
#.........#
#.......#
#.g...# #...#
#'#######
#gr†♣...#
#.#####.# ##.##
##...## #.....#
##...## #
##.###.#.#
.######.......#
............###


You could see a hobgoblin and a rat.

Vanquished Creatures
  An adder (D:2)
  An endoplasm (D:1)
  A giant cockroach (D:1)
  2 goblins (D:1)
  2 hobgoblins (D:1)
  A quokka (D:2)
  A ball python (D:1)
  2 bats (D:1)
  A kobold (D:1)
12 creatures vanquished.

Notes
Turn   | Place    | Note
-------+----------+-------------------------------------------
     0 | D:1      | lunkers the Demigod Shapeshifter began the quest for the
                  | Orb.
     0 | D:1      | Reached XP level 1. HP: 15/15 MP: 3/3
    99 | D:1      | Reached skill level 3 in Unarmed Combat
   327 | D:1      | Reached XP level 2. HP: 22/22 MP: 4/4
   414 | D:2      | Found Coecoby's Book Shop.
   472 | D:2      | HP: 1/22 [poisoned by an adder]
   474 | D:2      | Succumbed to an adder's poison

Illustrated notes

Levels and vault maps discovered:
D:1:      nicolae_arrival_memento_mori, layout_basic, minmay_misc_feat_pillars,
          grunt_decor_arrowhead, minmay_pentomino_q2
D:2:      layout_loops_corners, serial_shops, nicolae_shop_behind_doors

Skill      XL: |  1 |
---------------+----+-----
Unarmed Combat | 3 |  3.1
Fighting       | |  0.8
Dodging        | |  1.7
Shapeshifting  | |  2.9

Action                     || total
---------------------------++-------
  Melee: Unarmed           ||    47
    Use: Potion            ||     1
 Armour: Animal skin       ||    21
         Skin              ||     2
  Dodge: Dodged            ||    39

Table legend: (Time is in decaauts)
 A = Elapsed time spent in this place.
 B = Non-inter-level travel time spent in this place.
 C = Inter-level travel time spent in this place.
 D = Time resting spent in this place.
 E = Time spent auto-exploring this place.
 F = Levels seen in this place.
 G = Mean time per level.
                   A        B        C        D        E       F      G
               +--------+--------+--------+--------+--------+-----+--------+
         Total |    471 |    471 |      0 |      0 |    354 |   2 |  235.5 |
       Dungeon |    471 |    471 |      0 |      0 |    354 |   2 |  235.5 |
               +--------+--------+--------+--------+--------+-----+--------+

Top non-repeatable levels by time:
     D:1: 375 daAuts
     D:2: 96 daAuts
